 Yiufcrawl Soup (a DCSS fork) version yiuf-1.4.6-25-gadd3906 (webtiles) character file.

15586 AlphabetPasta the Spear-Bearer (level 12, -5/65 HPs)
             Began as an Imp Gladiator on Mar 16, 2017.
             Was a High Priest of Okawaru.
             Slain by a phantasmal warrior (14 damage)
             ... led by a death knight
             ... on level 11 of the Dungeon.
             The game lasted 01:14:04 (11916 turns).

AlphabetPasta the Spear-Bearer (Imp Gladiator)     Turns: 11916, Time: 01:14:05

Health: -5/65      AC:  6    Str: 16    XL:     12   Next: 28%
Magic:  15/17      EV: 33    Int: 11    God:    Okawaru [*****.]
Gold:   767        SH:  0    Dex: 20    Spells: 11/11 levels left

rFire    + . .     SeeInvis .   a - +2 trident (pain)
rCold    + . .     Gourm    .   L - +1 robe {rC+}
rNeg     . . .     Faith    .   (shield currently unavailable)
rPois    .         Spirit   .   t - +1 hat
rElec    .         Reflect  .   G - +0 cloak
rCorr    .         Harm     .   (gloves unavailable)
MR       .....     Rnd*Tele +   (boots unavailable)
Stlth    +++.......             (no amulet)
Regen    0.6/turn               o - +4 ring of dexterity
MPRegen  0.2/turn               D - ring of ice

@: vulnerable, heroism, very slightly contaminated, hasted, very quick
A: cold vulnerability, blinkitis, unfitting armour, horns 1, fire resistance 1,
regeneration 1, screaming 2, teleportitis 2, able to fly 1
a: Fly, Heroism, Finesse, Renounce Religion


You were on level 11 of the Dungeon.
You worshipped Okawaru.
Okawaru was extremely pleased with you.
You were not hungry.

You visited 2 branches of the dungeon, and saw 13 of its levels.
You also visited: Bailey.

You collected 767 gold pieces.

Inventory:

Hand Weapons
 a - a +2 trident of pain (weapon)
 b - a +1 hunting sling of flaming
 c - a +0 blowgun
 A - a +1 trident
Missiles
 g - 113 sling bullets
 w - 27 poisoned needles
 M - 3 steel tomahawks
 N - 5 tomahawks
 P - 41 tomahawks of returning (quivered)
Armour
 e - the +0 robe of Dageng {Int+6}
   (You found it on level 5 of the Dungeon)

   It affects your intelligence (+6).
 h - a +0 robe
 t - a +1 hat (worn)
 G - a +0 cloak (worn)
 L - a +1 robe of cold resistance (worn)
Jewellery
 i - an uncursed ring of stealth
 o - a +4 ring of dexterity (right hand)
 D - a ring of ice (left hand)
 K - an uncursed ring of ice
Wands
 d - a wand of polymorph (0/24)
 z - a wand of confusion (14/48)
 B - a wand of iceblast (9/15)
 J - a wand of polymorph (16/24)
 O - a wand of flame (36/48)
Scrolls
 r - 3 scrolls of enchant weapon
 s - 2 scrolls of recharging
 u - 6 scrolls of remove curse
 y - a scroll of magic mapping
 C - a scroll of fear
 H - 2 scrolls of enchant armour
 Q - a scroll of blinking
 T - a scroll of teleportation
Potions
 j - 2 potions of curing
 n - 2 potions of degeneration {unknown}
 q - 2 potions of haste
 v - a potion of resistance {unknown}
 x - 2 potions of magic
 E - 2 potions of agility
 F - a potion of flight {unknown}
 I - a potion of ambrosia {unknown}
 R - a potion of might {unknown}
 S - 2 potions of brilliance {unknown}
 U - a potion of experience {unknown}
Comestibles
 f - 11 bread rations
 l - a meat ration
 m - 5 fruits
 p - 8 royal jellies
 V - 7 chunks of flesh


   Skills:
 + Level 8.6(13.6) Fighting
 * Level 10.8(15.8) Polearms
 * Level 10.7(15.9) Slings
 - Level 2.5(12.4) Throwing
 + Level 6.1(11.1) Armour
 + Level 9.8(14.8) Dodging
 + Level 6.9 Invocations


You had 11 spell levels left.
You didn't know any spells.

Dungeon Overview and Level Annotations

Branches:
Dungeon (12/15)            Temple (1/1) D:4            Lair (0/6) D:8
    Orc (0/2) D:11

Altars:
Ashenzari
Cheibriados
Dithmenos
Elyvilon
Fedhas
Gozag
Hepliaklqana
Kikubaaqudgha
Makhleb
Nemelex Xobeh
Okawaru
Qazlal
Ru
Sif Muna
Trog
Uskayaw
Vehumet
Wu Jian
Xom
Yredelemnul
Zin
The Shining One

Shops:
D:7 %   D:10 }

Annotations:
D:10 unseen horror


Innate Abilities, Weirdness & Mutations

Your bones are vulnerable to cold.
All sources of teleportitis gives you blinkitis instead.
You are very small and have problems with some larger weapons.
You are too small for most types of armour.
You have a pair of small horns on your head.
Your flesh is heat resistant. (rF+)
Your natural rate of healing is unusually fast.
You sometimes yell uncontrollably at your foes.
You are sometimes teleported next to monsters.
You can fly.


Message History

The phantasmal warrior completely misses you.
You puncture the phantasmal warrior!
The phantasmal warrior is heavily damaged.
You puncture the phantasmal warrior!
The phantasmal warrior is heavily damaged.
The phantasmal warrior closely misses you.
You puncture the phantasmal warrior!
The phantasmal warrior is severely damaged.
You hit the phantasmal warrior but do no damage.
The phantasmal warrior is severely damaged.
The phantasmal warrior hits you!
* * * LOW HITPOINT WARNING * * *
You barely miss the phantasmal warrior.
The phantasmal warrior is severely damaged.
You hit the phantasmal warrior.
The phantasmal warrior is almost destroyed.
You hit the phantasmal warrior but do no damage.
The phantasmal warrior is almost destroyed.
The phantasmal warrior hits you!
You die...

##......(..<.....#
....##########)..#
....# #...# ##..#
#...# ##.# #...#
#.## ####..##
##..#### #.../..#
#......###.....W#
##..............@#
........###......#
.#......# #.....)#
.#......# #......#
.####.### ##.#####
## #.#### #.#
#....###.#
####.....# #######


You could see a phantasmal warrior.

Vanquished Creatures
  An orc warlord (Bailey)
  Fannar (D:10)
  3 two-headed ogres
  A cyclops (D:12)
  A gargoyle (D:6)
  A komodo dragon (D:10)
  A freezing wraith (D:12)
  A meliai zombie (D:12)
  2 hippogriffs
  A spriggan (D:7)
  A shadow (D:12)
  2 wraiths
  8 yaks
  3 wyverns
  Menkaure (D:5)
  Edmund (D:4)
  Duvessa (D:6)
  A water moccasin (D:7)
  3 orc warriors
  8 ice beasts
  3 phantoms
  A black bear (D:11)
  4 sky beasts
  6 centaurs
  3 necrophages
  4 ogres
  A crocodile (D:10)
  7 big kobolds
  3 bullfrogs
  A wyvern zombie (D:9)
  Dowan (D:6)
  A wyvern skeleton (D:11)
  7 scorpions
  12 killer bees
  A troll skeleton (D:10)
  4 spriggan skeletons (D:10)
  4 howler monkeys
  3 crimson imps
  A bullfrog zombie (D:7)
  A centaur zombie (D:10)
  4 jellies
  A quasit (D:10)
  An iron imp (D:5)
  2 bullfrog skeletons
  9 hounds
  7 orc priests
  3 centaur skeletons
  3 iguanas
  14 orc wizards
  10 worker ants
  A hound zombie (D:5)
  5 gnolls
  14 adders
  2 shadow imps
  3 adder skeletons
  4 worms
  2 dart slugs (D:1)
  5 leopard geckos
  48 orcs
  6 giant cockroaches
  13 hobgoblins
  18 jackals
  4 quokkas
  A ball python (D:1)
  16 bats
  8 frilled lizards
  5 goblins
  A jackal skeleton (D:4)
  66 kobolds
  A leopard gecko skeleton (D:4)
  2 quokka skeletons
  13 rats
402 creatures vanquished.

Notes
Turn   | Place    | Note
-------+----------+-------------------------------------------
     0 | D:1      | AlphabetPasta the Imp Gladiator began the quest for the Orb.
     0 | D:1      | Reached XP level 1. HP: 11/11 MP: 1/1
   147 | D:1      | Reached XP level 2. HP: 16/16 MP: 2/2
   689 | D:2      | Reached XP level 3. HP: 19/19 MP: 3/3
  1226 | D:2      | Reached XP level 4. HP: 24/24 MP: 4/4
  1537 | D:3      | Reached skill level 1 in Armour
  1723 | D:3      | Reached skill level 1 in Slings
  1723 | D:3      | Reached XP level 5. HP: 19/28 MP: 5/5
  2111 | D:3      | Noticed a big kobold
  2111 | D:3      | Noticed a big kobold
  2172 | D:3      | Killed a big kobold
  2172 | D:3      | Reached XP level 6. HP: 33/33 MP: 6/6
  2195 | D:3      | Reached skill level 5 in Dodging
  2372 | D:3      | Reached skill level 5 in Polearms
  2372 | D:3      | Gained mutation: You sometimes yell uncontrollably at your foes. [Imp growth]
  2372 | D:3      | Gained mutation: You can fly. [Imp growth]
  2372 | D:3      | Gained mutation: You are sometimes teleported next to monsters. [Imp growth]
  2372 | D:3      | Reached XP level 7. HP: 30/37 MP: 7/7
  3263 | D:4      | Found a blossoming altar of Fedhas.
  3263 | D:4      | Found a stormy altar of Qazlal.
  3390 | D:4      | Noticed Edmund
  3400 | D:4      | Killed Edmund
  3436 | D:4      | Found a staircase to the Ecumenical Temple.
  3786 | D:4      | Reached XP level 8. HP: 34/42 MP: 8/8
  3826 | Temple   | Entered the Ecumenical Temple
  3837 | Temple   | Became a worshipper of Warmaster Okawaru
  3952 | D:5      | Entered Level 5 of the Dungeon
  4028 | D:5      | Got a colourful robe
  4039 | D:5      | Identified the +0 robe of Dageng {Int+6} (You found it on level 5 of the Dungeon)
  4142 | D:5      | Found an iron altar of Okawaru.
  4262 | D:5      | Reached skill level 1 in Invocations
  4305 | D:5      | Noticed Menkaure
  4394 | D:5      | Found a deep blue altar of Sif Muna.
  4426 | D:5      | Killed Menkaure
  4426 | D:5      | Reached skill level 5 in Slings
  4486 | D:5      | Found a snail-covered altar of Cheibriados.
  4626 | D:5      | Reached * piety under Okawaru
  4626 | D:5      | Reached skill level 5 in Fighting
  5196 | D:6      | Found a basalt altar of Yredelemnul.
  5196 | D:6      | Noticed Dowan
  5215 | D:6      | Noticed Duvessa
  5239 | D:6      | Killed Duvessa
  5239 | D:6      | Reached XP level 9. HP: 47/47 MP: 10/10
  5261 | D:6      | Killed Dowan
  5462 | D:7      | Reached ** piety under Okawaru
  5642 | D:6      | Noticed a gargoyle
  5656 | D:6      | Killed a gargoyle
  5920 | D:6      | Found a sacrificial altar of Ru.
  6247 | D:7      | Reached *** piety under Okawaru
  6393 | D:7      | Reached XP level 10. HP: 48/53 MP: 10/13
  6474 | D:7      | Found Zuept's Food Shop.
  6693 | D:7      | Reached **** piety under Okawaru
  7394 | D:8      | Found a staircase to the Lair.
  7401 | D:8      | Noticed a two-headed ogre
  7427 | D:8      | Killed a two-headed ogre
  7831 | D:8      | Received a gift from Okawaru
  7831 | D:8      | Reached skill level 5 in Invocations
  8000 | D:9      | Noticed a two-headed ogre
  8254 | D:9      | Noticed a moth of wrath
  8257 | D:9      | Found a bloodstained altar of Trog.
  8483 | D:9      | Reached skill level 5 in Armour
  8596 | D:9      | Reached ***** piety under Okawaru
  8742 | D:9      | Killed a two-headed ogre
  8742 | D:9      | Received a gift from Okawaru
  8742 | D:9      | Reached XP level 11. HP: 58/58 MP: 15/15
  8939 | D:9      | Found an ornate altar of the Wu Jian Council.
  9111 | D:10     | Entered Level 10 of the Dungeon
  9277 | D:10     | Noticed Fannar
  9337 | D:10     | Killed Fannar
  9337 | D:10     | Received a gift from Okawaru
  9580 | D:10     | Found Eckenitz's Gadget Shoppe.
 10272 | D:11     | Found a flagged portal.
 10448 | Bailey   | Entered a bailey
 10481 | Bailey   | Noticed an orc warlord
 10564 | Bailey   | Reached skill level 10 in Polearms
 10605 | Bailey   | Found a runed gate.
 10605 | Bailey   | Found a runed gate.
 10657 | Bailey   | Found a runed gate.
 10803 | Bailey   | Killed an orc warlord
 10803 | Bailey   | Received a gift from Okawaru
 10803 | Bailey   | Reached skill level 10 in Slings
 10822 | Bailey   | Identified the Volume of Toxins
 10826 | Bailey   | Identified a scroll of acquirement
 10921 | D:11     | Found a stormy altar of Qazlal.
 10939 | D:11     | Found a staircase to the Orcish Mines.
 11345 | D:11     | Reached XP level 12. HP: 50/65 MP: 16/16
 11358 | D:11     | Received a gift from Okawaru
 11718 | D:12     | Noticed a two-headed ogre
 11756 | D:12     | Killed a two-headed ogre
 11870 | D:12     | Noticed a death knight
 11916 | D:11     | Slain by a phantasmal warrior

Skill      XL: |  1  2  3  4  5  6  7  8  9 10 11 |
---------------+----------------------------------+-----
Fighting       | 3 4 5 6 7 8 |  8.6
Armour         | 1 2 3 4 5 6 |  6.1
Polearms       | 4 5 6 7 9 10 | 10.8
Slings         | 1 2 3 4 5 7 9 10 | 10.7
Dodging        | 5 6 7 8 9 |  9.8
Invocations    | 2 4 5 6 |  6.9
Throwing       | |  2.5

Action                   |  1- 3 |  4- 6 |  7- 9 | 10-12 || total
-------------------------+-------+-------+-------+-------++-------
Melee: Trident           |    87 |   191 |   496 |   936 ||  1710
       Headbutt          |     7 |    21 |    96 |   218 ||   342
 Fire: Blowgun           |       |       |    20 |    13 ||    33
       Hunting sling     |       |       |     3 |    76 ||    79
Throw: Throwing net      |       |     3 |     1 |       ||     4
       Stone             |       |       |       |     2 ||     2
       Tomahawk          |       |       |       |    37 ||    37
Invok: Heroism           |       |       |     2 |    11 ||    13
       Finesse           |       |       |       |     1 ||     1
 Abil: Fly               |       |       |       |     5 ||     5
Evoke: Wand              |       |       |       |     6 ||     6
  Use: Scroll            |     4 |     5 |     5 |     9 ||    23
       Potion            |       |     2 |     5 |     4 ||    11
 Stab: Sleeping          |     4 |     3 |     6 |     7 ||    20
       Held in net/web   |       |     2 |       |     1 ||     3
       Distracted        |       |       |     2 |     1 ||     3
       Paralysed         |       |       |     1 |       ||     1
       Confused          |       |       |       |     8 ||     8
  Eat: Chunk             |     1 |     4 |    12 |    19 ||    36
       Fruit             |       |       |     2 |       ||     2
Armor: Robe              |     5 |     8 |    14 |    42 ||    69
Dodge: Dodged            |    53 |   153 |   332 |   712 ||  1250
